 Dungeon Crawl Stone Soup version 0.30.1-3-gfc49f6343a (webtiles) character file.

Game seed: 7542566674587687782

756 Peloso the Slasher (level 7, 0/62 HPs)
             Began as a Minotaur Fighter on July 27, 2023.
             Succumbed to a water moccasin's poison
             ... on level 5 of the Dungeon.
             The game lasted 00:08:10 (3627 turns).

Peloso the Slasher (Minotaur Fighter)               Turns: 3627, Time: 00:08:11

Health: 0/62       AC: 11    Str: 20    XL:     7   Next: 50%
Magic:  6/6        EV:  8    Int:  5    God:
Gold:   205        SH:  5    Dex: 12    Spells: 6/6 levels left

rFire   . . .        a - +0 long sword
rCold   . . .        d - +0 buckler
rNeg    . . .        q - +0 chain mail
rPois   .            (helmet restricted)
rElec   .            (no cloak)
rCorr   +            (no gloves)
SInv    .            c - +0 pair of boots
Will    .....        (no amulet) Stlth
                     e - ring of resist corrosion
HPRegen 0.30/turn    (no ring)
MPRegen 0.10/turn

%: no passive effects
@: lethally poisoned (0 -> -2)
A: horns 2, retaliatory headbutt, MP-powered wands
a: no special abilities


You were on level 5 of the Dungeon.
You visited 1 branch of the dungeon, and saw 5 of its levels.
You also visited: Sewer.

You collected 205 gold pieces.

Inventory:

Hand Weapons
 a - a +0 long sword (weapon)
Armour
 c - a +0 pair of boots (worn)
 d - a +0 buckler (worn)
 g - a +0 scale mail
 q - a +0 chain mail (worn)
Magical Staves
 b - a staff of fire
Jewellery
 e - a ring of resist corrosion (left hand)
 k - a ring of magical power
 s - an amulet of faith
Wands
 o - a wand of polymorph (10)
Scrolls
 i - 2 scrolls of identify
 j - a scroll of fear
 l - 2 scrolls of butterflies
 m - 2 scrolls of vulnerability {unknown}
 n - a scroll of fog {unknown}
 p - a scroll of poison {unknown}
 r - a scroll of noise {unknown}
Potions
 f - a potion of might
 h - a potion of flight {unknown}
 t - a potion of heal wounds {unknown}
 u - a potion of cancellation {unknown}


   Skills:
 + Level 5.8 Fighting
 + Level 6.3 Long Blades
 + Level 6.1 Armour
 + Level 2.1 Dodging
 + Level 0.5 Stealth
 + Level 4.6 Shields
 + Level 0.8 Unarmed Combat


You had 6 spell levels left.
You didn't know any spells.
Your spell library contained the following spells:

 Spells                   Type           Power      Damage    Failure   Level
 Freeze                   Ice            0%         1d3       99%         1
 Magic Dart               Conj           0%         1d3       99%         1
 Searing Ray              Conj           0%         2d4       100%        2
 Frozen Ramparts          Ice            0%         1d1       100%        3
 Hailstorm                Conj/Ice       0%         3d3       100%        3
 Inner Flame              Hex/Fire       0%         N/A       100%        3
 Fulminant Prism          Conj/Hex       0%         3d5       100%        4
 Yara's Violent Unravell  Hex/Tmut       0%         3d3       100%        5
 Enfeeble                 Hex            0%         N/A       100%        7


Dungeon Overview and Level Annotations

Branches:
Dungeon (5/15)              Sewer (visited)
 Temple: D:4-7

Altars:
Vehumet


Innate Abilities, Weirdness & Mutations

You have a pair of horns on your head.
You reflexively headbutt those who attack you in melee.
You expend magic power (3 MP) to strengthen your wands.


Message History

You miss the water moccasin.
The water moccasin is severely wounded.
You feel sick. The water moccasin bites you.
You are more poisoned.
The water moccasin poisons you!
The water moccasin completely misses you.
You slash the water moccasin! You headbutt the water moccasin.
You kill the water moccasin!
You feel very sick.
The goblin zaps a wand.
The puff of flame hits you but does no damage.
Your Long Blades skill increases to level 6!
You feel very sick. The goblin hits you but does no damage.
You barely miss the goblin.
You feel very sick.
The goblin zaps a wand.
The puff of flame hits you.
* * * LOW HITPOINT WARNING * * *
The goblin barely misses you. You furiously retaliate!
You headbutt the goblin!
You kill the goblin!
You hit the jelly.
Your hands burn!
* * * LOW HITPOINT WARNING * * *
The jelly is moderately wounded.
You feel sick. The jelly hits you but does no damage.
You hit the jelly but do no damage.
Your hands burn!
* * * LOW HITPOINT WARNING * * *
The jelly is moderately wounded.
You feel sick. The jelly barely misses you.
You hit the jelly.
Your hands burn!
* * * LOW HITPOINT WARNING * * *
The jelly is heavily wounded.
* * * LOW HITPOINT WARNING * * *
You feel sick. You block the jelly's attack.
You slash the jelly!
Your hands burn!
* * * LOW HITPOINT WARNING * * *
You headbutt the jelly.
You kill the jelly!
* * * LOW HITPOINT WARNING * * *
You feel sick.
You die...

.......#.
#############.#....
..................#
#######..#######..###
#.............##....#
#.##)...#####.###.#.#
.....#.#.# #.##..#.#
#.##.....####.##.## #
#......#......##@#
.###)..#......##.#
.....>.#......##.#
.#####.#......##.#
.#...#.#.###.....#
.....#.#.# #.....#
##.#..<#.# #.#...#
#.#.#.#.# #.#...#
#.#.#.# #.#...#


There were no monsters in sight!

Vanquished Creatures
  A water moccasin (D:5)
  Pargi (Sewer)
  Duvessa (D:5)
  2 kobold brigands (Sewer)
  Dowan (D:5)
  An orc priest (D:3)
  A jelly (D:5)
  An orc wizard (D:3)
  Robin (D:4)
  4 gnolls (D:3)
  3 adders
  An ufetubus (D:4)
  A worm (D:4)
  2 dart slugs (D:4)
  3 orcs
  4 bats
  8 endoplasms
  7 giant cockroaches
  16 goblins
  9 hobgoblins
  6 jackals
  7 quokkas
  9 ball pythons
  3 frilled lizards
  7 kobolds
  11 rats
111 creatures vanquished.

Notes
Turn   | Place    | Note
-------+----------+-------------------------------------------
     0 | D:1      | Peloso the Minotaur Fighter began the quest for the Orb.
     0 | D:1      | Reached XP level 1. HP: 19/19 MP: 0/0
   131 | D:1      | Reached XP level 2. HP: 27/27 MP: 1/1
   440 | D:1      | Reached XP level 3. HP: 29/34 MP: 2/2
   992 | D:2      | Found a faded altar of an unknown god.
  1539 | D:3      | Reached XP level 4. HP: 32/41 MP: 3/3
  1846 | D:3      | Reached skill level 1 in Dodging
  1846 | D:3      | Reached XP level 5. HP: 14/47 MP: 4/4
  1949 | D:3      | Found a glowing drain.
  1972 | Sewer    | Entered a sewer
  2046 | Sewer    | Reached skill level 5 in Fighting
  2046 | Sewer    | Reached skill level 5 in Armour
  2153 | Sewer    | Reached XP level 6. HP: 46/56 MP: 5/5
  2198 | Sewer    | Noticed Pargi
  2221 | Sewer    | Killed Pargi
  2222 | Sewer    | Reached skill level 5 in Long Blades
  2925 | D:4      | Noticed Robin
  2940 | D:4      | Killed Robin
  3393 | D:4      | Gained mutation: You expend magic power (3 MP) to
                  | strengthen your wands. [potion of mutation]
  3533 | D:5      | Entered Level 5 of the Dungeon
  3546 | D:5      | Noticed Duvessa
  3546 | D:5      | Noticed Dowan
  3562 | D:5      | Killed Duvessa
  3563 | D:5      | Reached XP level 7. HP: 62/62 MP: 6/6
  3569 | D:5      | Killed Dowan
  3602 | D:5      | Found a radiant altar of Vehumet.
  3626 | D:5      | HP: 2/62 [acid (2)]
  3627 | D:5      | Succumbed to a water moccasin's poison

Illustrated notes

Levels and vault maps discovered:
D:1:      co_arrival_square_in_a_square_in_a_square, layout_basic,
          roderic_serpentine_path
D:2:      layout_loops_ring, chequers_ecumenical_altar_island
D:3:      layout_basic, portal_sewer_entry_b, nrook_campfire,
          chequers_serial_rivers_small_3, mrwooster_statue_mirror,
          nicolae_concentric_dashed_squares_wild
D:4:      layout_loops_ring, chequers_serial_rivers_room_a, uniq_robin
D:5:      layout_basic, mainiacjoe_overflow_brackets, vehumet_altar_wand_db,
          hangedman_abyss_or_decor_lesser_grid, nicolae_shop_firing_range,
          uniq_duvessa, uniq_ijyb

Skill      XL: |  1  2  3  4  5  6  7 |
---------------+----------------------+-----
Fighting       | 4 5 |  5.8
Armour         | 4 5 6 |  6.1
Long Blades    | 3 4 5 6 |  6.3
Shields        | 4 |  4.6
Dodging        | 1 2 |  2.1
Stealth        | |  0.5
Unarmed Combat | |  0.8

Action                     |  1- 3 |  4- 6 |  7- 9 || total
---------------------------+-------+-------+-------++-------
  Melee: Long sword        |    94 |   174 |    15 ||   283
         Headbutt          |     8 |    30 |     2 ||    40
         Unarmed           |       |     7 |     4 ||    11
    Use: Scroll            |     3 |     1 |       ||     4
         Potion            |     1 |     3 |       ||     4
   Stab: Confused          |       |       |     2 ||     2
 Armour: Scale mail        |    54 |    65 |       ||   119
         Chain mail        |       |    33 |    13 ||    46
         Skin              |       |     1 |       ||     1
  Dodge: Dodged            |    61 |   102 |    12 ||   175
  Block: Buckler           |    26 |    44 |     2 ||    72
